 Dungeon Crawl Stone Soup version 0.28-a0-816-gb054d885db (webtiles) character file.

Game seed: 14037254302032602807

2167 cheechan the Gouger (level 9, -3/40 HPs)
             Began as a Felid Monk on Nov 8, 2021.
             Was a Believer of Vehumet.
             Slain by a troll (13 damage)
             ... on level 12 of the Dungeon.
             The game lasted 00:51:26 (8570 turns).

cheechan the Gouger (Felid Monk)                    Turns: 8570, Time: 00:51:26

Health: -3/40      AC:  2    Str: 12    XL:     9   Next: 10%
Magic:  18/18      EV: 25    Int: 12    God:    Vehumet [**....]
Gold:   186        SH:  0    Dex: 20    Spells: 12/19 levels left
                                        Lives:  0   Deaths: 3

rFire   . . .      SeeInvis +     - Unarmed
rCold   . . .      Faith    .   (shield unavailable)
rNeg    . . .      Spirit   .   (armour unavailable)
rPois   +          Reflect  .   (helmet unavailable)
rElec   +          Harm     .   (cloak unavailable)
rCorr   +          Rampage  .   (gloves unavailable)
Will    +....                   (boots unavailable)
Stlth   ++++......              a - amulet "Qiotaah" {RegenMP rElec rPois Regen+ rCorr Str-3}
HPRegen 1.13/turn               d - ring of poison resistance
MPRegen 0.41/turn               o - +6 ring of strength

@: slowed, slow
A: very small, claws 1, fangs 3, see invisible, speed 1, shaggy fur 2, stealthy
paws, no weapons or thrown items, no armour, multi-lived
a: Renounce Religion


You were on level 12 of the Dungeon.
You worshipped Vehumet.
Vehumet was pleased with you.
You visited 2 branches of the dungeon, and saw 14 of its levels.

You collected 398 gold pieces.
You spent 212 gold pieces at shops.

Inventory:

Jewellery
 a - the amulet "Qiotaah" (around neck) {RegenMP rElec rPois Regen+ rCorr Str-3}
   (You found it on level 5 of the Dungeon)

   [amulet of magic regeneration]

   It increases your rate of magic regeneration.
   Str:       It affects your strength (-3).
   rElec:     It insulates you from electricity.
   rPois:     It protects you from poison.
   Regen:     It increases your rate of health regeneration.
   rCorr:     It protects you from acid and corrosion.
 d - a ring of poison resistance (left paw)
 k - an amulet of magic regeneration
 o - a +6 ring of strength (right paw)
Wands
 j - a wand of digging (7)
 m - a wand of iceblast (9)
 r - a wand of acid (1) (quivered)
 t - a wand of polymorph (11)
Scrolls
 l - 2 scrolls of teleportation
 s - a scroll of fear
Potions
 b - 3 potions of lignification
 c - 4 potions of magic
 e - 3 potions of haste
 f - a potion of might
 g - 3 potions of brilliance
 h - a potion of curing
 i - a potion of heal wounds {unknown}
 n - a potion of ambrosia {unknown}
 p - 2 potions of attraction
 q - a potion of invisibility
 u - a potion of berserk rage {unknown}
 v - a potion of cancellation {unknown}


   Skills:
 + Level 4.8 Fighting
 + Level 10.2 Dodging
 + Level 6.8 Stealth
 + Level 11.7 Unarmed Combat
 * Level 5.9 Spellcasting
 + Level 1.5 Conjurations
 + Level 0.4 Summonings
 + Level 1.6 Fire Magic
 + Level 0.1 Evocations


You had 12 spell levels left.
You knew the following spells:

 Your Spells              Type           Power      Damage    Failure   Level
a - Foxfire               Conj/Fire      28%        2x1d5     10%         1
b - Searing Ray           Conj           14%        2d5       14%         2
c - Summon Guardian Gole  Hex/Summ       4%         N/A       45%         3
d - Summon Small Mammal   Summ           16%        N/A       16%         1

Your spell library contained the following spells:

 Spells                   Type           Power      Damage    Failure   Level
 Scorch                   Fire           14%        2d5       14%         2
 Apportation              Tloc           6%         N/A       19%         1
 Passwall                 Tmut/Erth      2%         N/A       28%         2
 Call Canine Familiar     Summ           4%         N/A       43%         3
 Ozocubu's Armour         Ice            3%         N/A       50%         3
 Swiftness                Air            3%         N/A       50%         3
 Summon Lightning Spire   Summ/Air       4%         N/A       86%         4
 Airstrike                Air            1%         N/A       88%         4
 Lightning Bolt           Conj/Air       2%         1d14      98%         5
 Alistair's Intoxication  Tmut/Pois      2%         N/A       99%         5
 Invisibility             Hex            1%         N/A       100%        6
 Ozocubu's Refrigeration  Ice            1%         4d5       100%        7


Dungeon Overview and Level Annotations

Branches:
Dungeon (13/15)            Temple (1/1) D:7
   Lair: D:8-11         Orc: D:9-12      Vaults: D:13-14

Altars:
Ashenzari
Cheibriados
Dithmenos
Elyvilon
Fedhas
Gozag
Hepliaklqana
Kikubaaqudgha
Makhleb
Nemelex Xobeh
Okawaru
Qazlal
Ru
Sif Muna
Trog
Uskayaw
Vehumet
Wu Jian
Xom
Yredelemnul
Zin
The Shining One
Jiyva

Shops:
D:1 *   D:8 ?:**:   D:9 *   D:12 =

Annotations:
D:6 Maggie
D:8 3 runed translucent doors, jasper's ghost, novice DsCA
D:9 1 runed translucent door, exclusion: obsidian statue
D:10 4 runed translucent doors
D:13 Kirke


Innate Abilities, Weirdness & Mutations

You have sharp claws.
You have razor-sharp teeth.
You have supernaturally acute eyesight. (SInv)
You cover ground quickly. (Speed+)
You are covered in thick fur. (AC +2)
Your paws help you pounce on unaware monsters.
You are incapable of wielding weapons or throwing items.
You cannot wear armour.
You gain extra lives every three experience levels.


Message History

You hear the faint crackling of a very distant melting archway.
The wraith misses you.
You claw the wraith! You claw the wraith.
The wraith is moderately damaged.
You closely miss the wraith. Your bite misses the wraith.
The wraith is moderately damaged.
The wraith hits you. The wraith drains your vigour!
You feel yourself slow down.
You scratch the wraith but do no damage.
The wraith is moderately damaged.
The wraith completely misses you.
You barely miss the wraith.
The wraith is moderately damaged.
The wraith completely misses you. The wraith hits you but does no damage.
You closely miss the wraith. You claw the wraith!
The wraith is severely damaged.
The wraith misses you.
You closely miss the wraith.
The wraith is severely damaged.
The wraith misses you.
You scratch the wraith but do no damage.
The wraith is severely damaged.
The wraith completely misses you.
You scratch the wraith. You claw the wraith. Your bite misses the wraith.
The wraith is almost destroyed.
The wraith hits you but does no damage.
You scratch the wraith.
You destroy the wraith!
Vehumet accepts your kill.
Aiming: Corrosive Bolt
Press: ? - help, Q - select action, (/) - cycle Shift-Dir - straight line, f - troll
Aim: a troll (71% to hit)
The bolt of acid hits the troll!
The troll is moderately wounded.
The troll closely misses you. The troll misses you. The troll claws you!
The troll bites you!!
* * * LOW HITPOINT WARNING * * *
The troll completely misses you. x2
The troll barely misses you. The troll claws you!
You die...

........#
##..#..#......#
#####...#
#...#..###....# ...#
+...#....#....# ...#
#...#....#....#
..#######...#....#....#
.........#....#....#
........##....'.####
......T.#.....#.#
..#####@#.....#.# .
#.#####'#.# #.........#
#.........# +.........#
#.........# #.........#
#.######..# #. #..#


You could see a troll.

Vanquished Creatures
  Gastronok (D:10)
  Pikel (D:5)
  Joseph (D:9)
  Psyche (D:9)
  A hornet (D:10)
  A vampire (D:9)
  A hog (D:12)
  A shadow (D:10)
  A wraith (D:12)
  Eustachio (D:6)
  A vampire mosquito (D:11)
  An acid dragon (D:13)
  A water moccasin (D:7)
  2 orc warriors (D:9)
  2 sky beasts
  2 ice beasts
  4 centaurs
  A lemure (D:5)
  2 phantoms (D:6)
  A kobold brigand (D:9)
  A bullfrog (D:9)
  A wyvern zombie (D:7)
  7 scorpions
  A water moccasin skeleton (D:7)
  6 killer bees (D:7)
  A howler monkey (D:7)
  2 bullfrog zombies (D:7)
  A bullfrog skeleton (D:6)
  4 orc priests
  3 hounds
  Jessica (D:2)
  9 orc wizards
  2 centaur skeletons
  3 iguanas
  3 scorpion zombies (D:5)
  2 hound skeletons (D:5)
  A howler monkey zombie (D:6)
  5 adders
  A shadow imp (D:6)
  2 white imps
  An ufetubus (D:5)
  An adder skeleton (D:5)
  4 dart slugs
  22 orcs
  8 ball pythons
  3 bats
  3 endoplasms
  A giant cockroach (D:3)
  4 goblins
  7 hobgoblins
  A jackal (D:5)
  9 kobolds
  7 quokkas
  5 frilled lizards
  3 rats
  A foxfire (D:9)
163 creatures vanquished.

Vanquished Creatures (others)
  A two-headed ogre (D:10)
  54 foxfires
55 creatures vanquished.

Grand Total: 218 creatures vanquished

Notes
Turn   | Place    | Note
-------+----------+-------------------------------------------
     0 | D:1      | cheechan the Felid Monk began the quest for the Orb.
     0 | D:1      | Reached XP level 1. HP: 10/10 MP: 2/2
    92 | D:1      | Found Vaitho's General Store.
   463 | D:1      | Reached XP level 2. HP: 14/14 MP: 3/3
   632 | D:2      | Noticed Jessica
   634 | D:2      | Killed Jessica
   635 | D:2      | Reached XP level 3. HP: 17/17 MP: 4/4
  1372 | D:2      | Reached XP level 4. HP: 21/21 MP: 5/5
  1567 | D:2      | Reached skill level 4 in Unarmed Combat
  2158 | D:3      | Found a blossoming altar of Fedhas.
  2158 | D:3      | Found an ornate altar of the Wu Jian Council.
  2292 | D:3      | Found a shadowy altar of Dithmenos.
  2537 | D:4      | Found a hide-covered altar of Uskayaw.
  2565 | D:5      | Entered Level 5 of the Dungeon
  2956 | D:4      | Noticed a scorpion
  3009 | D:5      | Identified the amulet "Qiotaah" {RegenMP rElec rPois Regen+
                  | rCorr Str-3}
  3075 | D:5      | Noticed an ice beast
  3172 | D:6      | Noticed a sky beast
  3337 | D:6      | Found a white marble altar of Elyvilon.
  3359 | D:6      | Noticed Maggie
  3361 | D:6      | Noticed a scorpion
  3427 | D:5      | Noticed a scorpion
  3427 | D:5      | Noticed a kobold brigand
  3427 | D:5      | Noticed a scorpion
  3427 | D:5      | Noticed a centaur
  3429 | D:6      | Noticed a phantom
  3446 | D:6      | Found a broken altar of Ashenzari.
  3449 | D:6      | Noticed a phantom
  3454 | D:6      | Noticed a phantom
  3494 | D:6      | Reached skill level 5 in Dodging
  3494 | D:6      | Reached XP level 5. HP: 18/24 MP: 6/6
  3504 | D:6      | Killed a phantom
  3505 | D:6      | Reached skill level 5 in Unarmed Combat
  3507 | D:6      | Slain by a phantom
  3508 | D:6      | Reached XP level 4. HP: 0/21 MP: 5/5
  3593 | D:5      | Reached XP level 5. HP: 20/24 MP: 6/6
  3685 | D:4      | Found a bloodstained altar of Trog.
  3846 | D:4      | Found a shimmering altar of Xom.
  4081 | D:4      | Learned a level 2 spell: Passwall
  4219 | D:5      | Noticed a sky beast
  4237 | D:5      | Killed a sky beast
  4238 | D:5      | Gained mutation: You are covered in thick fur. (AC +2)
                  | [Felid growth]
  4238 | D:5      | Reached XP level 6. HP: 19/28 MP: 7/7
  4315 | D:5      | Noticed Pikel
  4416 | D:5      | Reached skill level 6 in Unarmed Combat
  4424 | D:5      | Reached skill level 5 in Stealth
  4443 | D:5      | Reached XP level 7. HP: 27/31 MP: 8/8
  4543 | D:5      | Reached skill level 7 in Unarmed Combat
  4766 | D:5      | Reached skill level 1 in Spellcasting
  4930 | D:5      | Reached XP level 8. HP: 36/36 MP: 10/10
  5023 | D:5      | Killed Pikel
  5024 | D:5      | Reached skill level 8 in Unarmed Combat
  5167 | D:6      | Reached skill level 9 in Unarmed Combat
  5329 | D:6      | Noticed Eustachio
  5370 | D:6      | Killed Eustachio
  5457 | D:7      | Reached XP level 9. HP: 39/39 MP: 14/14
  5477 | D:7      | Found a staircase to the Ecumenical Temple.
  5515 | Temple   | Entered the Ecumenical Temple
  6125 | D:7      | Found a glowing silver altar of Zin.
  6206 | D:7      | Learned a level 1 spell: Summon Small Mammal
  6210 | D:7      | Learned a level 3 spell: Summon Guardian Golem
  6225 | D:7      | Reached skill level 10 in Unarmed Combat
  6453 | D:8      | Noticed a two-headed ogre
  6465 | D:8      | Found Saphec's General Store.
  6472 | D:8      | Found a runed translucent gate.
  6472 | D:8      | Found a runed translucent gate.
  6472 | D:8      | Found a runed translucent gate.
  6480 | D:8      | Found a viscous altar of Jiyva.
  6480 | D:8      | Noticed jasper's ghost (novice DsCA)
  6528 | D:8      | Found Juecah's Magic Scroll Shop.
  6556 | D:8      | Bought a scroll of identify for 20 gold pieces
  6556 | D:8      | Bought a scroll of identify for 20 gold pieces
  6556 | D:8      | Bought 3 scrolls of teleportation for 90 gold pieces
  6558 | D:8      | Found Kamnetan's Book Shoppe.
  6608 | D:8      | Found Wairepn's Assorted Antiques.
  6616 | D:8      | Bought 2 fuming yellow potions for 41 gold pieces
  6616 | D:8      | Bought 2 metallic black potions for 41 gold pieces
  6898 | D:8      | Found Keeracim's Book Emporium.
  7032 | D:9      | Noticed Psyche
  7034 | D:9      | Noticed Gastronok
  7039 | D:9      | Found a runed translucent door.
  7044 | D:10     | Entered Level 10 of the Dungeon
  7052 | D:10     | Killed Gastronok
  7247 | D:10     | Found a radiant altar of Vehumet.
  7254 | D:10     | Reached skill level 11 in Unarmed Combat
  7254 | D:10     | Reached XP level 10. HP: 43/43 MP: 17/17
  7259 | D:10     | Became a worshipper of Vehumet
  7259 | D:10     | Reached * piety under Vehumet
  7259 | D:10     | Offered knowledge of Foxfire by Vehumet.
  7259 | D:10     | Reached ** piety under Vehumet
  7262 | D:10     | Learned a level 1 spell: Foxfire
  7273 | D:10     | Noticed a two-headed ogre
  7350 | D:10     | Upgraded the game from 0.28-a0-804-g60983d4ba9 to
                  | 0.28-a0-816-gb054d885db
  7412 | D:10     | Noticed a wolf spider
  7415 | D:10     | Found a runed translucent door.
  7418 | D:10     | Noticed a wolf spider
  7418 | D:10     | Noticed a wolf spider
  7422 | D:10     | Offered knowledge of Searing Ray by Vehumet.
  7424 | D:10     | Found a runed translucent gate.
  7464 | D:10     | Found a runed translucent gate.
  7466 | D:10     | Found the +9 staff of Olgreb {rPois∞}
  7473 | D:10     | Found a runed translucent door.
  7542 | D:9      | Learned a level 2 spell: Searing Ray
  7544 | D:9      | Learned a level 1 spell: Summon Small Mammal
  7555 | D:9      | Found Jiecsesk's Assorted Antiques.
  7569 | D:9      | Noticed Joseph
  7600 | D:9      | Killed Joseph
  7631 | D:9      | Found a runed translucent door.
  7638 | D:9      | Noticed an obsidian statue
  7678 | D:9      | Found a runed translucent door.
  7732 | D:9      | Killed Psyche
  7733 | D:9      | Reached skill level 5 in Spellcasting
  7733 | D:9      | Reached skill level 1 in Conjurations
  7765 | D:9      | Reached skill level 1 in Fire Magic
  7788 | D:9      | Found a runed translucent door.
  7921 | D:9      | Mangled by an orc warrior
  7922 | D:9      | Reached XP level 9. HP: -13/39 MP: 18/18
  7995 | D:9      | Found a basalt altar of Yredelemnul.
  8056 | D:10     | HP: 1/39 [centaur/arrow (10)]
  8065 | D:10     | Killed a two-headed ogre
  8066 | D:10     | Reached skill level 10 in Dodging
  8067 | D:11     | Noticed a troll
  8083 | D:11     | Slain by a troll
  8084 | D:11     | Reached XP level 8. HP: 0/36 MP: 10/17
  8157 | D:11     | Offered knowledge of Scorch by Vehumet.
  8158 | D:11     | Noticed an unseen horror
  8178 | D:11     | Noticed a troll
  8186 | D:11     | Noticed a two-headed ogre
  8309 | D:12     | Noticed a brown ugly thing
  8326 | D:12     | Noticed a troll
  8328 | D:12     | Noticed a deep elf pyromancer
  8357 | D:12     | Noticed a skeletal warrior
  8357 | D:12     | Noticed a skeletal warrior
  8357 | D:12     | Noticed a skeletal warrior
  8358 | D:12     | Noticed a skeletal warrior
  8366 | D:13     | Noticed Kirke
  8384 | D:12     | Reached XP level 9. HP: 26/40 MP: 18/18
  8384 | D:12     | HP: 1/40 [skeletal warrior (26)]
  8385 | D:12     | Found Adiunk's Jewellery Emporium.
  8395 | D:12     | Noticed a troll
  8469 | D:12     | Noticed a gargoyle
  8570 | D:12     | Slain by a troll

Illustrated notes

Levels and vault maps discovered:
D:1:      dpeg_arrival_concentric_ovals, layout_basic, serial_shops,
          nicolae_shop_crystal, grunt_decor_cap
D:2:      layout_rooms, uniq_jessica
D:3:      layout_loops_ring, nicolae_dithmenos_the_darkroom,
          gammafunk_temple_overflow_pools
D:4:      layout_loops_ring, xom_teletrap_fun,
          nicolae_uskayaw_murder_on_the_dancefloor, trog_three_pillars_becter,
          minivault_26
D:5:      layout_loops_ring, nzn_random_ring, uniq_pikel
D:6:      layout_loops_corners, lemuel_tele_altar, mainiacjoe_overflow_brackets,
          uniq_maggie, uniq_eustachio
D:7:      layout_basic, lemuel_doored_altar, minmay_temple_entry_sparse_star,
          chequers_serial_rivers_room_b
D:8:      layout_cave_pools, gammafunk_ghost_ooze, serial_shops,
          nicolae_stop_n_shop_1, nicolae_shop_temple_entry_statues_fountains,
          nicolae_shop_temple_entry_statues_fountains,
          nicolae_shop_behind_doors, shop
D:9:      layout_loops_cross, mainiacjoe_overflow_alcove_4, serial_shops,
          nicolae_stop_n_shop_2, minmay_statue_crystal_thing, uniq_psyche,
          uniq_joseph, uniq_gastronok
D:10:     layout_roguey, mainiacjoe_overflow_six_doors_small, lair_entry_dummy,
          minmay_guarded_unrand_staff_of_olgreb
D:11:     layout_roguey, serial_shops,
          nicolae_shop_temple_entry_statues_fountains
D:12:     layout_irregular_city, hiddenorc1_lemuel, serial_shops,
          nicolae_shop_trees, portal_ice_cave_demonic_guard
D:13:     layout_gridville, fedhas_altar_3, uniq_kirke
Temple:   minmay_temple_curvy_loop

Skill      XL: |  1  2  3  4  5  6  7  8  9 10 |
---------------+-------------------------------+-----
Stealth        | 3 4 5 6 |  6.8
Unarmed Combat | 4 5 6 7 9 11 | 11.7
Dodging        | 5 6 7 8 10 | 10.2
Fighting       | 4 |  4.8
Spellcasting   | 1 3 4 5 |  5.9
Conjurations   | 1 |  1.5
Fire Magic     | 1 |  1.6
Summonings     | |  0.4
Evocations     | |  0.1

Action                   |  1- 3 |  4- 6 |  7- 9 | 10-12 || total
-------------------------+-------+-------+-------+-------++-------
Melee: Unarmed           |    72 |   226 |   363 |    78 ||   739
       Bite              |     6 |    30 |    31 |    10 ||    77
       Punch             |     1 |     5 |    21 |     7 ||    34
 Cast: Foxfire           |       |       |     5 |    32 ||    37
       Searing Ray       |       |       |     1 |    16 ||    17
       Summon Small Mamm |       |       |       |     3 ||     3
Evoke: Wand              |       |       |    10 |       ||    10
  Use: Scroll            |     5 |     8 |    17 |     1 ||    31
       Potion            |       |     2 |     1 |       ||     3
 Stab: Sleeping          |     7 |     5 |     4 |     1 ||    17
       Distracted        |       |       |     1 |       ||     1
Armor: Skin              |     6 |     7 |    22 |     1 ||    36
Dodge: Dodged            |    70 |   217 |   400 |    78 ||   765

Table legend: (Time is in decaauts)
 A = Elapsed time spent in this place.
 B = Non-inter-level travel time spent in this place.
 C = Inter-level travel time spent in this place.
 D = Time resting spent in this place.
 E = Time spent auto-exploring this place.
 F = Levels seen in this place.
 G = Mean time per level.
                   A        B        C        D        E       F      G
               +--------+--------+--------+--------+--------+-----+--------+
         Total |   7193 |   7193 |      0 |    998 |      0 |  14 |  513.8 |
       Dungeon |   6986 |   6986 |      0 |    998 |      0 |  13 |  537.4 |
        Temple |    206 |    206 |      0 |      0 |      0 |   1 |  206.0 |
               +--------+--------+--------+--------+--------+-----+--------+

Top non-repeatable levels by time:
     D:5: 1152 daAuts
     D:1: 1116 daAuts
     D:7: 759 daAuts
     D:4: 715 daAuts
     D:6: 636 daAuts
     D:3: 583 daAuts
     D:9: 498 daAuts
    D:10: 426 daAuts
     D:2: 406 daAuts
     D:8: 269 daAuts
    D:12: 212 daAuts
  Temple: 206 daAuts
    D:11: 204 daAuts
    D:13: 5 daAuts
